 Dungeon Crawl Stone Soup version 0.31-a0-117-g42d8f58691 (console) character file.

Game seed: 11120729093338631135

161079 jejorda2 the Phalangite (level 17, 0/216 HPs)
             Began as a Merfolk Berserker on May 29, 2023.
             Was a High Priest of Trog.
             Slain by a merfolk siren
             ... wielding a +0 spear
              (9 damage)
             ... on level 4 of the Shoals on May 30, 2023.
             The game lasted 01:37:15 (33742 turns).

jejorda2 the Phalangite (Merfolk Berserker)        Turns: 33742, Time: 01:37:15

Health: 0/216      AC: 29    Str: 24    XL:     17   Next: 78%
Magic:  5/5        EV:  8    Int: 14    God:    Trog [*****.]
Gold:   1340       SH:  0    Dex: 14    Spells: 16/16 levels left

rFire   . . .        a - +8 glaive (antimagic)
rCold   + . .        (shield currently unavailable)
rNeg    . . .        Z - +3 plate armour {rC+}
rPois   .            k - +0 helmet
rElec   .            v - +2 cloak
rCorr   .            I - +0 pair of gloves {hurl}
SInv    .            x - +0 pair of boots of the Thoughtful Ghosts {Rampage Int+7}
Will    +++..        f - amulet of faith Stlth
                     g - ring of flight
HPRegen 1.56/turn    U - +4 ring of protection
MPRegen 0.09/turn

%: rampage, faith
@: berserking (expiring), strong-willed, flying, regenerating, very quick
A: (nimble swimmer 2), mertail
a: Renounce Religion, Berserk, Trog's Hand, Brothers in Arms


You were on level 4 of the Shoals.
You worshipped Trog.
Trog was extremely pleased with you.
You visited 4 branches of the dungeon, and saw 26 of its levels.
You visited the Abyss 1 time.
You also visited: Gauntlet and Ice Cave.

You collected 2478 gold pieces.
You spent 1138 gold pieces at shops.

Inventory:

Hand Weapons
 a - a +8 antimagic glaive (weapon)
 b - a +5 vampiric trident
 W - a +0 bardiche
Missiles
 d - 176 stones
 i - 3 throwing nets
 n - 7 curare-tipped darts
 p - 38 poisoned darts
 r - 9 atropa-tipped darts
 s - a silver boomerang
 z - 27 boomerangs (quivered)
 F - 2 boomerangs of dispersal
 L - 23 javelins
Armour
 k - a +0 helmet (worn)
 v - a +2 cloak (worn)
 x - the +0 pair of boots of the Thoughtful Ghosts (worn) {Rampage Int+7}
   (You found it on level 9 of the Dungeon)

   Int:       It affects your intelligence (+7).
   Rampage:   It bestows one free step when moving towards enemies.
 I - a +0 pair of gloves of hurling (worn)
 Z - a +3 plate armour of cold resistance (worn)
Jewellery
 f - an amulet of faith (around neck)
 g - a ring of flight (left hand)
 m - the ring of a Hundred Artists {rPois rC+ Int+2 SInv}
   (You bought it in a shop on level 2 of the Shoals)

   [ring of poison resistance]

   Int:       It affects your intelligence (+2).
   rC:        It protects you from cold.
   rPois:     It protects you from poison.
   SInv:      It lets you see invisible.
 w - a ring of positive energy
 y - a ring of willpower
 H - a ring of see invisible
 U - a +4 ring of protection (right hand)
Wands
 o - a wand of polymorph (4)
 E - a wand of mindburst (12)
 P - a wand of charming (12)
 Q - a wand of roots (28)
 S - a wand of flame (9)
 Y - a wand of acid (3)
Scrolls
 c - 15 scrolls of teleportation
 A - 2 scrolls of silence
 B - 4 scrolls of fear
 K - 3 scrolls of fog
 M - a scroll of immolation
 N - a scroll of torment
 O - 3 scrolls of poison
Potions
 e - 3 potions of heal wounds
 h - 4 potions of haste
 j - 5 potions of mutation
 l - 5 potions of lignification
 q - 9 potions of curing
 t - 2 potions of invisibility
 C - 3 potions of cancellation
 D - a potion of might
 G - 2 potions of attraction
 T - 2 potions of enlightenment
Miscellaneous
 u - a phial of floods
 J - a lightning rod (4/4)
 R - a condenser vane (inert)


   Skills:
 - Level 16.0 Fighting
 + Level 23.6 Polearms
 - Level 16.0 Throwing
 + Level 10.6 Armour
 - Level 2.6 Dodging
 - Level 6.0 Evocations


You had 16 spell levels left.
You didn't know any spells.
Your spell library was empty.

Dungeon Overview and Level Annotations

Branches:
Dungeon (15/15)            Temple (0/1) D:7            Lair (5/5) D:9
 Shoals (4/4) Lair:2        Snake (0/4) Lair:3        Slime (0/5) Lair:4
    Orc (2/2) D:10            Elf (0/3) Orc:2        Vaults (0/5) D:14
 Depths (0/4) D:15          IceCv (visited)         Gauntlet (visited)

Altars:
Ashenzari
Hepliaklqana
Kikubaaqudgha
Makhleb
Nemelex Xobeh
Sif Muna
Vehumet
Xom
Zin
Jiyva

Shops:
D:7 (   D:9 (   Orc:2 **(   Shoals:2 =   Shoals:3 *

Annotations:
D:13 2 transporters, Pokonic1's ghost, journeyman MiMo
Shoals:2 1 runed translucent door, MrSquiggles's ghost, adept MiFi


Innate Abilities, Weirdness & Mutations

((You are very nimble when in or above water. (Stealth+, EV+, Speed+++)))
Your lower body shifts to a powerful aquatic tail in water.


Message History

The alligator snapping turtle is severely wounded.
A sea snake comes into view.
Unknown command.
Reach: a) +8 glaive (antimagic)
Press: ? - help, Dir - move target, f/p - alligator snapping turtle
Aim: an alligator snapping turtle (severely wounded, about 5% to evade your +8 antimagic glaive)
You reach to attack!
You hit the alligator snapping turtle.
The alligator snapping turtle is severely wounded.
The alligator snapping turtle bites you but does no damage.
The merfolk siren hits you but does no damage.
Unknown command.
Reach: a) +8 glaive (antimagic)
Press: ? - help, Dir - move target, f/p - alligator snapping turtle
Aim: an alligator snapping turtle (severely wounded, about 5% to evade your +8 antimagic glaive)
You reach to attack!
You slash the alligator snapping turtle!
The alligator snapping turtle is almost dead.
Reach: a) +8 glaive (antimagic)
Press: ? - help, Dir - move target, f/p - alligator snapping turtle
Aim: an alligator snapping turtle (almost dead, about 5% to evade your +8 antimagic glaive)
You reach to attack!
You slice the alligator snapping turtle!!
You kill the alligator snapping turtle!
Trog accepts your kill. The merfolk siren closely misses you.
Reach: a) +8 glaive (antimagic)
Press: ? - help, Dir - move target, f - merfolk siren
Aim: a merfolk siren, wielding a +0 spear (about 28% to evade your +8 antimagic glaive)
You reach to attack!
You slash the merfolk siren!
The merfolk siren's magic leaks into the air.
The merfolk siren is moderately wounded.
The merfolk siren's magic is no longer disrupted.
Reach: a) +8 glaive (antimagic)
Press: ? - help, Dir - move target, f - alligator snapping turtle, p - merfolk siren
Aim: an alligator snapping turtle (moderately wounded, about 5% to evade your +8 antimagic glaive)
You reach to attack!
You carve the alligator snapping turtle like a ham!!!
The alligator snapping turtle is heavily wounded.
The merfolk siren hits you from afar with a +0 spear!
You die...

####~~≈≈≈~~~~~~~
~~~~~~~~~~~...~~
..P~~~.~~~......
#...$.........#####
#...........##)..##
#...........#m.[..#
#.........Smt).m..#
#.....^.....#§....#
##.........^@##...##~
#.............#####~~~
)~...............~~~~≈~
~~~...............~~~≈≈~
~~~~~............~~.~~~~.
≈≈~~~~~~~............~~.~~~.#
≈≈≈≈~~~~~............~..~~~.#
≈≈≈≈≈~~~~.....##........~~~.#
≈≈≈≈≈≈≈~~~....###.....~~~~~~#


You could see an alligator snapping turtle, a merfolk javelineer (poisoned), a
sea snake and a merfolk siren.

Vanquished Creatures
  Nikola (Shoals:1)
  A hellephant (Abyss:2)
  Polyphemus (Shoals:2)
  An Executioner (Abyss:2)
  2 krakens
  2 azure jellies (IceCv)
  2 quicksilver oozes (IceCv)
  Nessos (D:15)
  Azrael (D:15)
  A minotaur (Gauntlet)
  An ettin (D:15)
  2 merfolk javelineers
  Josephine (Shoals:1)
  A fire dragon (Lair:5)
  4 merfolk impalers
  A rakshasa (Abyss:2)
  8 hydras
  A vault guard (D:14)
  Erolcha (D:9)
  2 catoblepae
  Fannar (Orc:1)
  An ice dragon (Lair:3)
  2 alligator snapping turtles (Shoals:4)
  5 centaur warriors
  A merfolk aquamancer (Shoals:4)
  A boulder beetle (D:15)
  9 two-headed ogres
  A dancing weapon (Abyss:2)
  3 alligators
  4 orc high priests
  5 tengu warriors
  4 death yaks
  Urug (D:11)
  A hell knight (D:15)
  Nergalle (Orc:1)
  2 skysharks
  9 sea snakes
  2 deep trolls (D:15)
  A swamp dragon (Lair:5)
  4 wizards
  An orc knight (Orc:2)
  13 harpies
  3 deep elf pyromancers
  An ugly thing (D:12)
  3 orc sorcerers (Orc:2)
  12 manticores
  7 fauns
  A manticore (shapeshifter) (D:15)
  A salamander (Lair:3)
  A worldbinder (Abyss:2)
  12 cyclopes
  13 elephants
  An eye of devastation (Lair:4)
  6 black mambas
  7 merfolk sirens
  3 water nymphs
  Maurice (D:12)
  2 torpor snails
  16 cane toads
  A smoke demon (Abyss:2)
  2 unseen horrors
  3 ice statues
  7 rime drakes
  3 ice devils (Lair:3)
  11 komodo dragons
  A freezing wraith (Lair:3)
  A meliai (D:14)
  4 trolls
  11 merfolk
  A silent spectre (Abyss:2)
  13 polar bears
  A wind drake (shapeshifter) (D:14)
  A wolf spider simulacrum (D:15)
  3 wind drakes
  8 blink frogs
  Grinder (D:6)
  2 raiju (Lair:5)
  2 dream sheep (Shoals:3)
  6 snapping turtles
  Sigmund (D:6)
  26 slime creatures
  A shadow (D:12)
  4 large abominations (Abyss:2)
  A vampire (D:14)
  6 wraiths
  91 yaks
  A ynoxinul (Abyss:2)
  Eustachio (D:4)
  6 wyverns
  3 water elementals
  6 fire elementals
  9 basilisks
  A neqoxec (Gauntlet)
  2 chaos spawn (Gauntlet)
  Menkaure (D:4)
  A harpy simulacrum (D:15)
  8 wargs
  An acid dragon (Lair:5)
  15 hell hounds
  12 water moccasins
  A floating eye (Lair:4)
  2 sky beasts (D:7)
  3 swamp drakes (Lair:5)
  7 ice beasts
  4 great orb of eyes simulacra (IceCv)
  23 orc warriors
  12 black bears
  3 ogres
  27 wolves
  3 boggarts (D:15)
  6 centaurs
  2 phantoms
  3 kobold brigands
  A gnoll sergeant (D:10)
  7 bullfrogs
  3 scorpions
  2 glowing shapeshifter simulacra (IceCv)
  10 wights
  3 small abominations (Abyss:2)
  An elephant simulacrum (Lair:3)
  14 killer bees
  5 electric eels
  3 howler monkeys
  3 lava snakes (Lair:3)
  A hound (D:7)
  5 jellies
  30 orc priests
  An iron imp (Abyss:2)
  A gnoll bouda (Lair:4)
  8 iguanas
  26 orc wizards
  A sleepcap (D:4)
  A polar bear simulacrum (Lair:3)
  4 shapeshifter simulacra (IceCv)
  A troll simulacrum (Lair:3)
  2 spriggan simulacra (Lair:3)
  9 gnolls
  4 adders
  7 shadow imps
  23 white imps
  7 ufetubi
  A worm (D:3)
  3 dart slugs
  65 orcs
  11 bats
  5 endoplasms
  3 giant cockroaches
  5 goblins
  9 hobgoblins
  3 jackals (D:2)
  3 quokkas
  3 training dummies (D:9)
  7 ball pythons
  10 kobolds
  4 rats
  A lurking horror (Abyss:2)
888 creatures vanquished.

Vanquished Creatures (collateral kills)
  Saint Roka (Orc:2)
  A bone dragon (Abyss:2)
  A very ugly thing (Abyss:2)
  A merfolk javelineer (Shoals:4)
  A merfolk aquamancer (Shoals:4)
  2 large abominations (Abyss:2)
  A fire bat (Abyss:2)
  An ogre (Orc:2)
  2 small abominations (Abyss:2)
  An orc wizard (Orc:2)
12 creatures vanquished.

Vanquished Creatures (others)
  A merfolk (Shoals:1)
  2 wraiths (Shoals:1)
  2 boggarts (D:15)
  8 tentacles
13 creatures vanquished.

Grand Total: 913 creatures vanquished

Notes
Turn   | Place    | Note
-------+----------+-------------------------------------------
     0 | D:1      | jejorda2 the Merfolk Berserker began the quest for the Orb.
     0 | D:1      | Reached XP level 1. HP: 18/18 MP: 1/1
   147 | D:1      | Reached XP level 2. HP: 19/24 MP: 2/2
   367 | D:1      | Reached skill level 5 in Polearms
   404 | D:1      | Reached XP level 3. HP: 30/30 MP: 3/3
   702 | D:1      | Found a faded altar of an unknown god.
  1073 | D:2      | Reached ** piety under Trog
  1184 | D:2      | Identified the +1 robe of Unreason {rC+}
  1839 | D:3      | Reached XP level 4. HP: 37/37 MP: 4/4
  1990 | D:4      | Noticed Menkaure
  1993 | D:4      | Noticed an ogre
  1997 | D:4      | Killed Menkaure
  1998 | D:4      | Reached skill level 7 in Polearms
  1998 | D:4      | Reached XP level 5. HP: 43/43 MP: 5/5
  2000 | D:4      | Killed an ogre
  2001 | D:4      | Reached skill level 5 in Fighting
  2001 | D:4      | Reached XP level 6. HP: 51/51 MP: 6/6
  2204 | D:4      | Reached skill level 8 in Polearms
  2350 | D:4      | Reached XP level 7. HP: 56/56 MP: 7/7
  2437 | D:4      | Found an ancient bone altar of Kikubaaqudgha.
  2438 | D:4      | Found a shimmering blue altar of Sif Muna.
  2441 | D:4      | Found a radiant altar of Vehumet.
  2616 | D:4      | Noticed Eustachio
  2631 | D:4      | Killed Eustachio
  2632 | D:4      | Reached skill level 9 in Polearms
  2848 | D:5      | Entered Level 5 of the Dungeon
  3087 | D:5      | Reached skill level 10 in Polearms
  3138 | D:5      | Reached XP level 8. HP: 65/65 MP: 8/8
  3560 | D:5      | Reached *** piety under Trog
  3692 | D:5      | Reached skill level 11 in Polearms
  4076 | D:6      | Noticed Grinder
  4093 | D:6      | Killed Grinder
  4165 | D:6      | Found a glowing silver altar of Zin.
  4271 | D:6      | Reached skill level 12 in Polearms
  4280 | D:6      | Reached XP level 9. HP: 60/71 MP: 9/9
  4451 | D:6      | Noticed Sigmund
  4458 | D:6      | Killed Sigmund
  4483 | D:6      | Reached skill level 13 in Polearms
  5080 | D:6      | Upgraded the game from 0.31-a0-112-gdf0485fa37 to
                  | 0.31-a0-115-g4708a659fe
  5390 | D:7      | Found a staircase to the Ecumenical Temple.
  5541 | D:7      | Reached skill level 14 in Polearms
  5690 | D:7      | Found Urinn's Weapon Shoppe.
  5698 | D:7      | Reached **** piety under Trog
  5713 | D:7      | Bought 3 atropa-tipped darts for 35 gold pieces
  6098 | D:8      | Found a sparkling altar of Nemelex Xobeh.
  6124 | D:8      | Noticed a centaur warrior
  6136 | D:8      | Killed a centaur warrior
  6137 | D:8      | Reached skill level 15 in Polearms
  6137 | D:8      | Reached skill level 5 in Armour
  6137 | D:8      | Reached XP level 10. HP: 48/77 MP: 10/10
  6636 | D:8      | Reached skill level 1 in Throwing
  6750 | D:8      | Found a broken altar of Ashenzari.
  7209 | D:9      | Reached skill level 16 in Polearms
  7311 | D:9      | Found Uloink's Firing Range.
  7313 | D:9      | Found a staircase to the Lair.
  7512 | D:9      | Bought 6 curare-tipped darts for 108 gold pieces
  7519 | D:9      | Identified the +4 sling "Jyedyik" {speed, rElec Str+5 SInv}
  7826 | D:9      | Identified the +0 pair of boots of the Thoughtful Ghosts
                  | {Rampage Int+7}
  7885 | D:9      | Noticed Erolcha
  7896 | D:9      | Killed Erolcha
  7897 | D:9      | Reached XP level 11. HP: 53/83 MP: 11/11
  8094 | D:9      | Noticed a two-headed ogre
  8105 | D:9      | Killed a two-headed ogre
  8106 | D:9      | Reached skill level 17 in Polearms
  8106 | D:9      | Reached skill level 5 in Throwing
  8585 | D:10     | Entered Level 10 of the Dungeon
  8763 | D:10     | Found a staircase to the Orcish Mines.
  9033 | D:10     | Found a burning altar of Makhleb.
  9034 | D:10     | Found a hazy altar of Hepliaklqana.
  9255 | D:10     | Noticed a two-headed ogre
  9261 | D:10     | Killed a two-headed ogre
  9262 | D:10     | Reached skill level 18 in Polearms
  9581 | Lair:1   | Entered Level 1 of the Lair of Beasts
  9993 | Lair:1   | Reached skill level 1 in Evocations
 10259 | Lair:1   | Reached XP level 12. HP: 86/91 MP: 12/12
 10408 | Lair:1   | Reached skill level 19 in Polearms
 10978 | Lair:2   | Found a staircase to the Shoals.
 11003 | Lair:2   | Found a gate leading to a gauntlet.
 11012 | Gauntlet | Entered a Gauntlet
 11012 | Gauntlet | Noticed a tengu warrior
 11012 | Gauntlet | Found a large runed translucent door.
 11012 | Gauntlet | Found a large runed translucent door.
 11012 | Gauntlet | Found a large runed translucent door.
 11012 | Gauntlet | Found a large runed translucent door.
 11012 | Gauntlet | Found a runed translucent door.
 11012 | Gauntlet | Found a large runed translucent door.
 11012 | Gauntlet | Found a large runed translucent door.
 11012 | Gauntlet | Found a transporter.
 11012 | Gauntlet | Found a transporter.
 11012 | Gauntlet | Found a large runed translucent door.
 11012 | Gauntlet | Found a large runed translucent door.
 11012 | Gauntlet | Found a runed translucent gate.
 11012 | Gauntlet | Found a runed translucent gate.
 11012 | Gauntlet | Found a transporter.
 11012 | Gauntlet | Found a transporter.
 11016 | Gauntlet | Found a transporter.
 11016 | Gauntlet | Found a transporter.
 11017 | Gauntlet | Found a runed translucent gate.
 11017 | Gauntlet | Found a runed translucent door.
 11021 | Gauntlet | Found a large runed translucent door.
 11021 | Gauntlet | Found a large runed translucent door.
 11028 | Gauntlet | Found a transporter.
 11030 | Gauntlet | Found a transporter.
 11035 | Gauntlet | Noticed a quicksilver ooze
 11040 | Gauntlet | Found a transporter.
 11085 | Gauntlet | Found a large runed translucent door.
 11085 | Gauntlet | Found a large runed translucent door.
 11088 | Gauntlet | Found a large runed translucent door.
 11088 | Gauntlet | Found a large runed translucent door.
 11089 | Gauntlet | Found a large runed translucent door.
 11090 | Gauntlet | Found a large runed translucent door.
 11142 | Gauntlet | Found a transporter.
 11144 | Gauntlet | Found a transporter.
 11158 | Gauntlet | Found a transporter.
 11333 | Gauntlet | Reached ***** piety under Trog
 11404 | Gauntlet | Noticed a minotaur
 11416 | Gauntlet | Killed a minotaur
 11606 | Lair:2   | Noticed a five-headed hydra
 11616 | Lair:2   | Killed a five-headed hydra
 11617 | Lair:2   | Reached skill level 10 in Fighting
 12529 | Lair:3   | Reached skill level 5 in Evocations
 12683 | Lair:3   | Reached XP level 13. HP: 31/105 MP: 13/13
 13009 | Lair:3   | Reached skill level 20 in Polearms
 13387 | Lair:3   | Found a staircase to the Snake Pit.
 13674 | Lair:3   | Noticed an ice dragon
 13689 | Lair:3   | Killed an ice dragon
 14576 | Lair:4   | Found a staircase to the Slime Pits.
 14602 | Lair:4   | Found a viscous altar of Jiyva.
 14981 | Lair:4   | Received a gift from Trog
 15447 | Lair:5   | Entered Level 5 of the Lair of Beasts
 15457 | Lair:5   | Reached XP level 14. HP: 118/118 MP: 14/14
 16266 | Lair:5   | Received a gift from Trog
 16270 | Lair:5   | Reached skill level 10 in Throwing
 18021 | D:11     | Noticed Urug
 18047 | D:11     | Killed Urug
 18289 | D:11     | Received a gift from Trog
 18507 | D:11     | Reached XP level 15. HP: 126/127 MP: 15/15
 18847 | D:12     | Noticed Maurice
 18850 | D:12     | Killed Maurice
 18894 | D:12     | Found a frozen archway.
 18938 | IceCv    | Entered an ice cave
 19304 | IceCv    | Reached skill level 15 in Fighting
 19602 | IceCv    | Found a viscous altar of Jiyva.
 19602 | IceCv    | Noticed an azure jelly
 19609 | IceCv    | Killed an azure jelly
 19655 | IceCv    | Noticed an azure jelly
 19665 | IceCv    | Killed an azure jelly
 19752 | IceCv    | Got the ring "Itrogra" {Ice Int+3}
 20281 | D:12     | Reached ****** piety under Trog
 20629 | D:13     | Received a gift from Trog
 20967 | D:13     | Noticed a tengu reaver
 21040 | D:13     | Found a transporter.
 21040 | D:13     | Noticed Pokonic1's ghost (journeyman MiMo)
 21045 | D:13     | Found a transporter.
 22670 | D:14     | Found a gate to the Vaults.
 23139 | D:15     | Entered Level 15 of the Dungeon
 23235 | D:15     | Noticed Azrael
 23248 | D:15     | Killed Azrael
 23255 | D:15     | Reached XP level 16. HP: 75/138 MP: 16/16
 23782 | D:15     | Received a gift from Trog
 24658 | D:15     | Noticed Nessos
 24664 | D:15     | Killed Nessos
 24677 | D:15     | HP: 4/207 [slime creature (14)]
 25048 | D:15     | Found a staircase to the Depths.
 25469 | Orc:1    | Entered Level 1 of the Orcish Mines
 25667 | Orc:2    | Entered Level 2 of the Orcish Mines
 25746 | Orc:2    | Found a staircase to the Elven Halls.
 25794 | Orc:2    | Noticed Saint Roka
 25803 | Orc:2    | Killed Saint Roka
 25882 | Orc:1    | Received a gift from Trog
 25885 | Orc:1    | Reached skill level 21 in Polearms
 26381 | Orc:1    | Noticed Fannar
 26385 | Orc:1    | Noticed Nergalle
 26386 | Orc:1    | Killed Fannar
 26394 | Orc:1    | Killed Nergalle
 26933 | Orc:2    | Found Wugieh's Assorted Antiques.
 26933 | Orc:2    | Found Uvvynol's Antique Weapon Emporium.
 26936 | Orc:2    | Found Sekioso's General Store.
 26939 | Orc:2    | Found Wiun's Magic Scroll Shoppe.
 27006 | Orc:2    | Bought a scroll labelled HIRPHI HUBASHYN for 28 gold pieces
 27162 | Orc:2    | Received a gift from Trog
 27407 | Orc:2    | Bought a jewelled trident for 289 gold pieces
 27407 | Orc:2    | Identified the +9 trident of Boicopn {pain, rF+ Dex+2} (You
                  | bought it in a shop on level 2 of the Orcish Mines)
 27409 | Orc:2    | Upgraded the game from 0.31-a0-115-g4708a659fe to
                  | 0.31-a0-117-g42d8f58691
 27570 | Shoals:1 | Entered Level 1 of the Shoals
 27588 | Shoals:1 | Reached skill level 15 in Throwing
 27791 | Abyss:2  | Cast into level 2 of the Abyss (merfolk impaler)
 27923 | Abyss:2  | Noticed an Executioner
 27928 | Abyss:2  | Killed an Executioner
 28019 | Abyss:2  | Noticed a hellephant
 28029 | Abyss:2  | Killed a hellephant
 28138 | Abyss:2  | Noticed a bone dragon
 28145 | Abyss:2  | Killed a bone dragon
 28146 | Abyss:2  | Reached skill level 22 in Polearms
 28158 | Shoals:1 | Escaped the Abyss
 28481 | Shoals:1 | Received a gift from Trog
 28482 | Shoals:1 | Reached XP level 17. HP: 85/144 MP: 17/17
 28862 | Shoals:1 | Noticed Josephine
 28862 | Shoals:1 | Noticed Nikola
 28884 | Shoals:1 | Killed Nikola
 28885 | Shoals:1 | Killed Josephine
 29088 | Shoals:1 | Noticed a kraken
 29105 | Shoals:1 | Killed a kraken
 29874 | Shoals:2 | Noticed Polyphemus
 29939 | Shoals:2 | Found Raoggew's One-of-a-Kind Rings.
 29944 | Shoals:2 | Noticed a kraken
 29961 | Shoals:2 | Killed a kraken
 29968 | Shoals:2 | Bought the ring of a Hundred Artists {rPois rC+ Int+2 SInv}
                  | for 678 gold pieces
 30788 | Shoals:2 | Killed Polyphemus
 31018 | Shoals:2 | Found a runed translucent door.
 31019 | Shoals:2 | Found a shimmering altar of Xom.
 31019 | Shoals:2 | Noticed MrSquiggles's ghost (adept MiFi)
 31041 | Shoals:2 | Reached skill level 23 in Polearms
 31041 | Shoals:2 | Reached skill level 10 in Armour
 32757 | Shoals:3 | Found Huckol's General Store.
 33329 | Shoals:4 | Entered Level 4 of the Shoals
 33732 | Shoals:4 | HP: 1/216 [alligator snapping turtle (34)]
 33742 | Shoals:4 | Slain by a merfolk siren

Illustrated notes

Levels and vault maps discovered:
D:1:      dpeg_arrival_pond, layout_basic, chequers_ecumenical_altar_grove,
          chequers_serial_rivers_micro_c, minmay_octomino_c4
D:2:      layout_basic, kennysheep_potato
D:3:      layout_basic, ebering_dispersal_statue_hall, due_unseen_surprise
D:4:      layout_basic, grunt_temple_overflow_magic_moments, grunt_ministairs_6,
          uniq_menkaure, uniq_eustachio
D:5:      layout_gridville
D:6:      layout_loops_corners, mainiacjoe_overflow_24_doors, uniq_grinder,
          uniq_sigmund
D:7:      layout_basic, minmay_temple_entry_glassed_door, serial_shops,
          nicolae_square_shop
D:8:      layout_loops_ring, evilmike_ruin_ashenzari,
          nemelex_xobeh_ov_fountains_minmay, chequers_big_river,
          hangedman_abyss_or_decor_jellyfish_corner
D:9:      layout_basic, lair_entry_dummy, nicolae_shop_firing_range,
          uniq_erolcha
D:10:     layout_loops_ring, nicolae_overflow_two_pavilions, erik_orc_3,
          library_closet
D:11:     layout_rooms, uniq_urug
D:12:     layout_roguey, portal_ice_cave_entry_imps, uniq_maurice
D:13:     layout_rooms, gammafunk_ghost_arena
D:14:     layout_cave_pods, david_vaults_5, amcnicky_mini_pool_small,
          serial_park_tiny_2
D:15:     hangedman_depths_entry_civil_slaughter, layout_basic, hex_tiny,
          serial_ice, serial_ice_m, serial_ice_h, serial_ice_e, serial_ice_i,
          serial_ice_g, serial_ice_b, serial_ice_c, serial_ice_a, serial_ice_f,
          serial_ice_o, uniq_azrael, uniq_nessos
Lair:1:   layout_cave_pods, beast_lair_carwin_6, lemuel_fruit_fields,
          grunt_megastairs_4, infiniplex_staircase_pool_2
Lair:2:   layout_regular_city, nicolae_shoals_entry_roost,
          gauntlet_entry_generic
Lair:3:   dreamdust_isle_of_ice, layout_gridlike,
          nicolae_snake_entry_warm_welcome, beast_lair_carwin_5
Lair:4:   layout_hall_layers, minmay_slime_entry_eyes, dreamdust_gnoll_shepherd
Lair:5:   guppyfry_lair_end_dragon, layout_cave_pods,
          hangedman_lair_caniforms_friends, serial_bayou_lagoon_b,
          serial_bayou_shore_a
Shoals:1: layout_shoals, nicolae_shoals_kraken_intersection, uniq_josephine,
          uniq_nikola
Shoals:2: layout_shoals, ebering_ghost_xom, nicolae_shop_unique_rings,
          uniq_polyphemus
Shoals:3: layout_shoals, serial_shops, shop
Shoals:4: shoals_end_simple, layout_shoals
Orc:1:    layout_diamond_mine, uniq_nergalle, uniq_fannar
Orc:2:    st_orc_mages, layout_diamond_mine, uniq_saint_roka

Skill      XL: |  1  2  3  4  5  6  7  8  9 10 11 12 13 14 15 16 17 |
---------------+----------------------------------------------------+-----
Polearms       | 5 7 8 10 12 15 16 18 19 20 22 23 | 23.6
Fighting       | 4 5 6 7 10 13 14 16 | 16.0
Armour         | 3 5 6 8 9 10 | 10.6
Throwing       | 4 6 9 11 13 15 16 | 16.0
Evocations     | 2 5 6 |  6.0
Dodging        | |  2.6

Action                     |  1- 3 |  4- 6 |  7- 9 | 10-12 | 13-15 | 16-18 || total
---------------------------+-------+-------+-------+-------+-------+-------++-------
  Melee: Spear             |   177 |       |       |       |       |       ||   177
         Trident           |    13 |    63 |    47 |    14 |    49 |    18 ||   204
         Punch             |     1 |       |     2 |       |       |       ||     3
         Halberd           |       |       |   259 |   473 |   392 |       ||  1124
         Tailslap          |       |       |       |     1 |     6 |     1 ||     8
         Glaive            |       |       |       |       |   659 |   894 ||  1553
  Throw: Stone             |     2 |     2 |     6 |     1 |    22 |       ||    33
         Dart              |       |       |       |     5 |    24 |       ||    29
         Javelin           |       |       |       |       |    10 |     1 ||    11
         Boomerang         |       |       |       |       |     9 |    20 ||    29
 Invoke: Berserk           |     2 |     2 |     7 |    12 |    14 |    15 ||    52
         Trog's Hand       |       |     1 |     7 |     7 |     9 |    13 ||    37
         Brothers in Arms  |       |       |       |     1 |     1 |     4 ||     6
  Evoke: Wand              |       |       |       |       |     2 |     2 ||     4
         Condenser vane    |       |       |       |       |       |     2 ||     2
    Use: Scroll            |       |       |    12 |    11 |     8 |     4 ||    35
         Potion            |       |       |       |       |     4 |     6 ||    10
   Stab: Sleeping          |     1 |       |       |       |       |       ||     1
         Petrified         |       |       |       |     2 |       |     6 ||     8
         Distracted        |       |       |       |       |     1 |       ||     1
         Petrifying        |       |       |       |       |       |     1 ||     1
         Confused          |       |       |       |       |       |     2 ||     2
 Armour: Animal skin       |     8 |       |       |       |       |       ||     8
         Ring mail         |    12 |       |       |       |       |       ||    12
         Chain mail        |    42 |    21 |   138 |     5 |   207 |   151 ||   564
         Plate armour      |       |       |       |   176 |   414 |   509 ||  1099
         Ice dragon scales |       |       |       |       |    70 |       ||    70
  Dodge: Dodged            |    74 |    18 |    81 |   171 |   391 |   357 ||  1092

Table legend: (Time is in decaauts)
 A = Elapsed time spent in this place.
 B = Non-inter-level travel time spent in this place.
 C = Inter-level travel time spent in this place.
 D = Time resting spent in this place.
 E = Time spent auto-exploring this place.
 F = Levels seen in this place.
 G = Mean time per level.
                   A        B        C        D        E       F      G
               +--------+--------+--------+--------+--------+-----+--------+
         Total |  33161 |  31890 |   1271 |   5373 |  20530 |  29 | 1143.5 |
       Dungeon |  16360 |  15589 |    771 |   1844 |  11190 |  15 | 1090.7 |
          Lair |   7670 |   7416 |    254 |   1361 |   4611 |   5 | 1534.0 |
        Shoals |   5242 |   5144 |     98 |   1041 |   3215 |   4 | 1310.5 |
  Orcish Mines |   2022 |   1876 |    146 |    396 |   1021 |   2 | 1011.0 |
         Abyss |    382 |    382 |      0 |    188 |      0 |   1 |  382.0 |
      Ice Cave |    920 |    920 |      0 |    372 |    277 |   1 |  920.0 |
      Gauntlet |    564 |    564 |      0 |    170 |    216 |   1 |  564.0 |
               +--------+--------+--------+--------+--------+-----+--------+

Top non-repeatable levels by time:
Shoals:1: 2628 daAuts
  Lair:3: 2556 daAuts
  Lair:5: 2316 daAuts
    D:14: 2076 daAuts
    D:15: 1892 daAuts
     D:9: 1583 daAuts
   Orc:2: 1304 daAuts
Shoals:3: 1271 daAuts
  Lair:1: 1254 daAuts
Shoals:2: 1232 daAuts
     D:5: 1204 daAuts
    D:10: 1186 daAuts
     D:6: 1149 daAuts
     D:8: 1147 daAuts
  Lair:2: 1077 daAuts
